Oilers vs Penguins
Created - March 29, 2021 at 21:04
Goals
|
| Oilers |
0 |
2 |
3 |
5 |
| Penguins |
0 |
3 |
0 |
3 |
|
Shots
|
| Oilers |
8 |
5 |
10 |
23 |
| Penguins |
9 |
24 |
7 |
40 |
|
1st period
No Goal
Penalties :
Taylor Hall (EDM) for Slashing (Minor) at 0:23, Phil Kessel (EDM) for Tripping (Minor) at 8:05, Jason Zucker (Pit) for Hooking (Minor) at 11:19
2nd period
1. Oilers , Nikolai Kulemin 2 (Connor McDavid 26) at 6:42
2. Penguins , Danny DeKeiser 5 (Andrew Cogliano 45, Jake McCabe 14) at 10:48 (PP)
3. Penguins , Nikita Kucherov 28 (Steven Stamkos 53, Jeff Schultz 24) at 16:31
4. Penguins , Andrew Cogliano 29 (Gilbert Brule 35, Keith Aulie 31) at 17:05
5. Oilers , Phil Kessel 24 (Brandon Sutter 29, Rasmus Ristolainen 45) at 17:44
Penalties :
Taylor Hall (EDM) for Tripping (Minor) at 3:36, Tobias Enstrom (EDM) for Slashing (Minor) at 9:37, Taylor Hall (EDM) for Roughing (Minor) at 11:21, Peter Mueller (EDM) for Slashing (Minor) at 18:08
3rd period
6. Oilers , Peter Mueller 16 (Jordan Eberle 20, Tobias Enstrom 21) at 4:57
7. Oilers , Oscar Klefbom 4 (Taylor Hall 33, Kevin Porter 9) at 11:18
8. Oilers , Peter Mueller 17 (Denis Grebeshkov 15, Jordan Eberle 21) at 19:31 (Empty Net)
Penalties :
Anton Volchenkov (EDM) for Holding (Minor) at 1:30, Jordan Eberle (EDM) for Interference (Minor) at 16:00
Goalie Stats
James Reimer (EDM), 37 saves from 40 shots - (0.925), W, 29-18-7, 60:00 minutes
Sergei Bobrovsky (Pit), 18 saves from 22 shots - (0.818), L, 2-5-1, 59:25 minutes
Players Stats for Oilers
Player Name G A P +/- PIM S H SB GA TA FO MP PP MP PK MP
------------------------------------------------------------------------------------
Anton Volchenkov 0 0 0 2 2 0 1 1 0 0 0/0 10:02 0:00 0:09
Brandon Sutter 0 1 1 0 0 1 0 1 0 0 7/12 15:06 1:00 0:03
Connor McDavid 0 1 1 1 0 0 0 0 0 0 2/3 11:23 0:10 2:13
Darnell Nurse 0 0 0 0 0 0 1 1 0 1 0/0 23:03 0:51 5:50
Denis Grebeshkov 0 1 1 0 0 0 0 4 0 0 0/0 23:03 0:51 5:50
James Neal 0 0 0 0 0 3 4 0 0 0 0/0 17:34 1:00 2:34
Jordan Eberle 0 2 2 1 2 3 1 1 0 0 0/1 22:57 0:46 6:51
Kevin Porter 0 1 1 1 0 0 1 0 0 0 1/3 4:32 0:00 0:00
Leon Draisaitl 0 0 0 1 0 0 0 0 0 0 0/0 4:32 0:00 0:00
Nikolai Kulemin 1 0 1 1 0 1 1 1 0 0 4/5 13:38 0:00 4:54
Oscar Klefbom 1 0 1 2 0 2 0 0 0 0 0/0 10:58 0:00 1:05
Peter Mueller 2 0 2 1 2 4 0 0 0 0 12/21 15:42 0:59 0:00
Phil Kessel 1 0 1 0 2 2 2 1 0 0 1/3 19:26 0:51 3:56
Rasmus Ristolainen 0 1 1 1 0 1 0 2 0 2 0/0 26:55 1:08 9:05
Riley Sheahan 0 0 0 1 0 1 0 1 0 0 0/0 13:34 0:00 4:44
Stephane Da Costa 0 0 0 2 0 0 0 0 0 0 0/0 3:08 0:22 0:00
Taylor Hall 0 1 1 0 6 5 3 0 0 0 5/7 23:17 0:49 4:53
Tobias Enstrom 0 1 1 1 2 0 3 2 1 0 0/0 25:58 1:08 8:09
Players Stats for Penguins
Player Name G A P +/- PIM S H SB GA TA FO MP PP MP PK MP
------------------------------------------------------------------------------------
Alexei Marchenko 0 0 0 0 0 0 2 0 0 0 0/0 10:35 0:00 0:59
Andreas Martinsen 0 0 0 -1 0 1 1 1 0 0 0/0 7:49 0:03 0:17
Andrew Cogliano 1 1 2 0 0 3 1 0 0 0 0/1 18:39 7:12 0:59
Cal Clutterbuck 0 0 0 -1 0 1 2 0 0 0 0/0 7:56 0:00 0:32
Danny DeKeiser 1 0 1 1 0 2 1 2 0 0 0/0 21:00 6:44 0:47
Gilbert Brule 0 1 1 0 0 2 3 0 1 0 5/17 17:21 7:12 0:00
Jake McCabe 0 1 1 0 0 1 1 1 0 0 0/0 16:41 6:44 0:00
Jason Zucker 0 0 0 -2 2 2 2 0 0 0 1/1 22:37 7:49 0:00
Jean-Gabriel Pageau 0 0 0 0 0 2 4 0 0 0 3/6 10:52 0:00 0:22
Jeff Schultz 0 1 1 1 0 1 0 0 0 0 0/0 14:43 0:00 1:00
Jeff Skinner 0 0 0 0 0 0 0 0 0 0 0/0 10:30 0:00 0:00
Joe Colborne 0 0 0 -1 0 1 1 4 0 0 0/0 8:07 0:00 0:43
Keith Aulie 0 1 1 -4 0 3 1 1 0 0 0/0 27:53 8:20 0:00
Marcus Foligno 0 0 0 -1 0 2 1 0 0 0 0/0 10:53 0:03 0:00
Nikita Kucherov 1 0 1 -1 0 9 2 0 0 0 1/3 22:42 7:49 0:00
Sean Zimmerman 0 0 0 -4 0 3 1 3 0 0 0/0 28:30 8:20 1:12
Steven Stamkos 0 1 1 -2 0 4 2 0 2 1 13/27 23:51 7:52 1:05
Teuvo Teravainen 0 0 0 0 0 3 2 0 0 0 0/0 17:21 7:12 0:00
3 Stars
1 - Peter Mueller (EDM)
2 - Oscar Klefbom (EDM)
3 - Nikolai Kulemin (EDM)
Power Play
Oilers - 0 on 1 Attempt(s) - 0.00%
Penguins - 1 on 8 Attempt(s) - 12.50%
Penalty Kill
Oilers - 7 on 8 Attempt(s) - 87.50%
- Score 0 goal in Penalty Kill
Penguins - 1 on 1 Attempt(s) - 100.00%
- Score 0 goal in Penalty Kill
Team Stat
Oilers - Hits : 17 - Faceoff Wins : 32 - Blocked Shots : 15 - Penalty Minutes : 16
Penguins - Hits : 27 - Faceoff Wins : 23 - Blocked Shots : 12 - Penalty Minutes : 2
Official
Referees : Unknown
Linesman : Unknown
Game Notes
6:50 of 2nd period - Penguins goal is going for a video replay. After video review, No Goal. The puck has entered the net after making contact with an attacking player’s stick that is above the height of the crossbar.
Peter Mueller has scored in a empty net!
Finance
Level 1 -- Attendance: 4450 (74.17%) -- Ticket Income $534,000
Level 2 -- Attendance: 4124 (82.48%) -- Ticket Income $288,680
Level 3 -- Attendance: 1684 (84.20%) -- Ticket Income $75,780
Level 4 -- Attendance: 3084 (77.10%) -- Ticket Income $107,940
Luxury Box -- Attendance: 829 (82.90%) -- Ticket Income $165,800
Game was played at the Igloo.
Total Attendance: 14171 (78.73%)
Total Ticket Income: $1,172,200
Other Income: $175,830
Total Income: $1,348,030
Oilers
5 vs 5 Forward
Center Left Wing Right Wing Time % Phy DF OF
1 Peter Mueller Taylor Hall Jordan Eberle 40 1 2 2
2 Brandon Sutter James Neal Phil Kessel 30 1 2 2
3 Connor McDavid Nikolai Kulemin Riley Sheahan 20 1 2 2
4 Kevin Porter Leon Draisaitl Taylor Hall 10 1 2 2
5 vs 5 Defense
Defense Defense Time % Phy DF OF
1 Tobias Enstrom Rasmus Ristolainen 40 1 2 2
2 Darnell Nurse Denis Grebeshkov 30 1 2 2
3 Anton Volchenkov Oscar Klefbom 20 1 2 2
4 Tobias Enstrom Rasmus Ristolainen 10 1 2 2
PowerPlay Forward
Center Left Wing Right Wing Time % Phy DF OF
1 Peter Mueller Taylor Hall Jordan Eberle 60 1 2 2
2 Brandon Sutter James Neal Phil Kessel 40 1 2 2
PowerPlay Defense
Defense Defense Time % Phy DF OF
1 Tobias Enstrom Rasmus Ristolainen 60 1 2 2
2 Darnell Nurse Denis Grebeshkov 40 1 2 2
Penalty Kill 4 Players Forward
Center Wing Time % Phy DF OF
1 Taylor Hall Jordan Eberle 60 1 2 2
2 Phil Kessel Riley Sheahan 40 1 2 2
Penalty Kill 4 Players Defense
Defense Defense Time % Phy DF OF
1 Tobias Enstrom Rasmus Ristolainen 60 1 2 2
2 Darnell Nurse Denis Grebeshkov 40 1 2 2
Penalty Kill - 3 Players Forward
Forward Time % Phy DF OF
1 Taylor Hall 60 1 2 2
2 Jordan Eberle 40 1 2 2
Penalty Kill - 3 Players Defense
Defense Defense Time % Phy DF OF
1 Tobias Enstrom Rasmus Ristolainen 60 1 2 2
2 Darnell Nurse Denis Grebeshkov 40 1 2 2
4 vs 4 Forward
Center Wing Time % Phy DF OF
1 Taylor Hall Jordan Eberle 60 1 2 2
2 Phil Kessel Riley Sheahan 40 1 2 2
4 vs 4 Defense
Defense Defense Time % Phy DF OF
1 Tobias Enstrom Rasmus Ristolainen 60 1 2 2
2 Darnell Nurse Denis Grebeshkov 40 1 2 2
Last Minutes Offensive
Center Left Wing Right Wing Defense Defense
Peter Mueller Taylor Hall Jordan Eberle Tobias Enstrom Rasmus Ristolainen
Last Minutes Defensive
Center Left Wing Right Wing Defense Defense
Peter Mueller Taylor Hall Jordan Eberle Tobias Enstrom Rasmus Ristolainen
Goaltenders
Starting : James Reimer
Backup : Jonas Gustavsson
Extra Forwards
Normal : Stephane Da Costa, Connor McDavid, Nikolai Kulemin - PP : Stephane Da Costa, Connor McDavid - PK : Nikolai Kulemin
Extra Defensemen
Normal : Anton Volchenkov, Oscar Klefbom, Darnell Nurse - PP : Anton Volchenkov - PK : Oscar Klefbom, Darnell Nurse
Penalty Shots
Taylor Hall, Jordan Eberle, Phil Kessel, Riley Sheahan, Peter Mueller
Scratches
Adam Larsson (Sprained Left Finger Injury), Jordan Caron (Healthy), Mike Smith (Healthy)
Penguins
5 vs 5 Forward
Center Left Wing Right Wing Time % Phy DF OF
1 Steven Stamkos Jason Zucker Nikita Kucherov 40 0 2 3
2 Gilbert Brule Andrew Cogliano Teuvo Teravainen 30 0 2 3
3 Jean-Gabriel Pageau Jeff Skinner Marcus Foligno 20 0 2 3
4 Joe Colborne Andreas Martinsen Cal Clutterbuck 10 0 2 3
5 vs 5 Defense
Defense Defense Time % Phy DF OF
1 Sean Zimmerman Keith Aulie 40 1 2 2
2 Jeff Schultz Danny DeKeiser 30 1 2 2
3 Alexei Marchenko Jake McCabe 20 1 2 2
4 Sean Zimmerman Keith Aulie 10 1 2 2
PowerPlay Forward
Center Left Wing Right Wing Time % Phy DF OF
1 Steven Stamkos Jason Zucker Nikita Kucherov 60 0 1 4
2 Gilbert Brule Andrew Cogliano Teuvo Teravainen 40 0 1 4
PowerPlay Defense
Defense Defense Time % Phy DF OF
1 Sean Zimmerman Keith Aulie 60 0 2 3
2 Jake McCabe Danny DeKeiser 40 0 2 3
Penalty Kill 4 Players Forward
Center Wing Time % Phy DF OF
1 Steven Stamkos Andrew Cogliano 60 1 3 1
2 Joe Colborne Cal Clutterbuck 40 1 3 1
Penalty Kill 4 Players Defense
Defense Defense Time % Phy DF OF
1 Sean Zimmerman Jeff Schultz 60 1 3 1
2 Danny DeKeiser Alexei Marchenko 40 1 3 1
Penalty Kill - 3 Players Forward
Forward Time % Phy DF OF
1 Joe Colborne 60 1 3 1
2 Cal Clutterbuck 40 1 3 1
Penalty Kill - 3 Players Defense
Defense Defense Time % Phy DF OF
1 Sean Zimmerman Jeff Schultz 60 1 3 1
2 Danny DeKeiser Alexei Marchenko 40 1 3 1
4 vs 4 Forward
Center Wing Time % Phy DF OF
1 Steven Stamkos Nikita Kucherov 60 0 2 3
2 Gilbert Brule Andrew Cogliano 40 0 2 3
4 vs 4 Defense
Defense Defense Time % Phy DF OF
1 Sean Zimmerman Keith Aulie 60 1 2 2
2 Jeff Schultz Danny DeKeiser 40 1 2 2
Last Minutes Offensive
Center Left Wing Right Wing Defense Defense
Steven Stamkos Jason Zucker Nikita Kucherov Sean Zimmerman Keith Aulie
Last Minutes Defensive
Center Left Wing Right Wing Defense Defense
Steven Stamkos Andrew Cogliano Cal Clutterbuck Sean Zimmerman Jeff Schultz
Goaltenders
Starting : Sergei Bobrovsky
Backup : Michal Neuvirth
Extra Forwards
Normal : Steven Stamkos, Jeff Skinner, Marcus Foligno - PP : Steven Stamkos, Andrew Cogliano - PK : Joe Colborne
Extra Defensemen
Normal : Sean Zimmerman, Keith Aulie, Jake McCabe - PP : Keith Aulie - PK : Sean Zimmerman, Jeff Schultz
Penalty Shots
Nikita Kucherov, Steven Stamkos, Andrew Cogliano, Gilbert Brule, Jeff Skinner
Scratches
Jeff Tambellini (Healthy), Marian Hossa (Healthy), Shea Weber (Left Ankle Injury)
% Time on Ice - Oilers
Lines # - Real PCT - Wanted PCT - Time Play
Normal Forward
1 - 35% - 40% - 14:47
2 - 34% - 30% - 14:09
3 - 21% - 20% - 8:44
4 - 11% - 10% - 4:32
Normal Defense
1 - 40% - 40% - 16:43
2 - 37% - 30% - 15:37
3 - 23% - 20% - 9:52
4 - 0% - 10% - 0:00
PP Forward
1 - 50% - 60% - 0:59
2 - 50% - 40% - 1:00
PP Defense
1 - 57% - 60% - 1:08
2 - 43% - 40% - 0:51
PK Forward
1 - 69% - 60% - 10:20
2 - 31% - 40% - 4:44
PK Defense
1 - 61% - 60% - 9:14
2 - 39% - 40% - 5:50
PK3 Forward
1 - 0% - 60%
2 - 0% - 40%
PK3 Defense
1 - 0% - 60%
2 - 0% - 40%
44 Forward
1 - 0% - 60%
2 - 0% - 40%
44 Defense
1 - 0% - 60%
2 - 0% - 40%
Last Minute Offensive - 0:00
Last Minute Defensive - 0:45
Total
Forward - 60:00
Defense - 60:00
|
% Time on Ice - Penguins
Lines # - Real PCT - Wanted PCT - Time Play
Normal Forward
1 - 35% - 40% - 14:54
2 - 24% - 30% - 10:09
3 - 24% - 20% - 10:30
4 - 17% - 10% - 7:24
Normal Defense
1 - 44% - 40% - 18:47
2 - 33% - 30% - 14:12
3 - 20% - 20% - 8:31
4 - 3% - 10% - 1:27
PP Forward
1 - 52% - 60% - 7:52
2 - 48% - 40% - 7:12
PP Defense
1 - 55% - 60% - 8:20
2 - 45% - 40% - 6:44
PK Forward
1 - 73% - 60% - 1:27
2 - 27% - 40% - 0:32
PK Defense
1 - 61% - 60% - 1:12
2 - 39% - 40% - 0:47
PK3 Forward
1 - 0% - 60%
2 - 0% - 40%
PK3 Defense
1 - 0% - 60%
2 - 0% - 40%
44 Forward
1 - 0% - 60%
2 - 0% - 40%
44 Defense
1 - 0% - 60%
2 - 0% - 40%
Last Minute Offensive - 0:00
Last Minute Defensive - 0:00
Total
Forward - 60:00
Defense - 60:00
|
Play-by-Play
1st period
0:01 of 1st period - Peter Mueller wins face-off versus Steven Stamkos in neutral zone.
0:13 of 1st period - Wrist shot by Nikita Kucherov.
0:13 of 1st period - Stopped by James Reimer with a rebound.
0:23 of 1st period - Minor Penalty to Taylor Hall for Slashing.
0:24 of 1st period - Nikolai Kulemin wins face-off versus Steven Stamkos in Oilers zone.
2:23 of 1st period - Penalty to Taylor Hall is over, Taylor Hall is back on ice.
3:40 of 1st period - Off-side.
3:41 of 1st period - Brandon Sutter wins face-off versus Gilbert Brule in neutral zone.
4:03 of 1st period - Off-side.
4:04 of 1st period - Peter Mueller wins face-off versus Jean-Gabriel Pageau in neutral zone.
4:11 of 1st period - Wrist shot by Peter Mueller.
4:11 of 1st period - Stopped by Sergei Bobrovsky with a rebound.
4:19 of 1st period - Snap shot by Marcus Foligno.
4:19 of 1st period - Shot Misses the Net.
4:31 of 1st period - Snap shot by Nikita Kucherov.
4:31 of 1st period - Stopped by James Reimer without a rebound.
4:32 of 1st period - Connor McDavid wins face-off versus Nikita Kucherov in Oilers zone.
4:41 of 1st period - Snap shot by Riley Sheahan.
4:41 of 1st period - Stopped by Sergei Bobrovsky without a rebound.
4:42 of 1st period - Peter Mueller wins face-off versus Gilbert Brule in Penguins zone.
4:43 of 1st period - Wrist shot by Taylor Hall.
4:43 of 1st period - Stopped by Sergei Bobrovsky with a rebound.
4:59 of 1st period - Snap shot by Teuvo Teravainen.
4:59 of 1st period - Stopped by James Reimer with a rebound.
5:19 of 1st period - Wrist shot by James Neal.
5:19 of 1st period - Stopped by Sergei Bobrovsky without a rebound.
5:20 of 1st period - Brandon Sutter wins face-off versus Gilbert Brule in Penguins zone.
5:45 of 1st period - Jeff Schultz is hit by Taylor Hall and loses puck.
6:12 of 1st period - Connor McDavid is hit by Jake McCabe and loses puck.
6:21 of 1st period - Snap shot by Marcus Foligno.
6:21 of 1st period - Shot Misses the Net.
6:39 of 1st period - Anton Volchenkov is hit by Andrew Cogliano and loses puck.
6:58 of 1st period - Snap shot by Taylor Hall.
6:58 of 1st period - Stopped by Sergei Bobrovsky with a rebound.
7:00 of 1st period - Snap shot by Jordan Eberle.
7:00 of 1st period - Shot Blocked by Keith Aulie.
7:16 of 1st period - Wrist shot by Steven Stamkos.
7:16 of 1st period - Shot Blocked by Denis Grebeshkov.
7:18 of 1st period - Wrist shot by Jason Zucker.
7:18 of 1st period - Shot Misses the Net.
7:20 of 1st period - Snap shot by Sean Zimmerman.
7:20 of 1st period - Stopped by James Reimer with a rebound.
7:36 of 1st period - Slapshot by Joe Colborne.
7:36 of 1st period - Shot Misses the Net.
7:38 of 1st period - Slapshot by Danny DeKeiser.
7:38 of 1st period - Stopped by James Reimer with a rebound.
7:52 of 1st period - Icing by Danny DeKeiser.
7:53 of 1st period - Jean-Gabriel Pageau wins face-off versus Brandon Sutter in Penguins zone.
8:05 of 1st period - Minor Penalty to Phil Kessel for Tripping.
8:06 of 1st period - Steven Stamkos wins face-off versus Taylor Hall in Oilers zone.
8:08 of 1st period - Slapshot by Nikita Kucherov.
8:08 of 1st period - Stopped by James Reimer with a rebound.
8:46 of 1st period - Wrist shot by Teuvo Teravainen.
8:46 of 1st period - Shot Misses the Net.
9:03 of 1st period - Icing by Jason Zucker.
9:04 of 1st period - Taylor Hall wins face-off versus Gilbert Brule in Penguins zone.
9:29 of 1st period - Steven Stamkos is hit by Nikolai Kulemin and loses puck.
9:52 of 1st period - Sean Zimmerman is hit by Taylor Hall and loses puck.
10:05 of 1st period - Penalty to Phil Kessel is over, Phil Kessel is back on ice.
10:07 of 1st period - Snap shot by Andrew Cogliano.
10:07 of 1st period - Stopped by James Reimer with a rebound.
10:49 of 1st period - Snap shot by Riley Sheahan.
10:49 of 1st period - Shot Misses the Net.
11:05 of 1st period - Anton Volchenkov is hit by Teuvo Teravainen and loses puck.
11:19 of 1st period - Minor Penalty to Jason Zucker for Hooking.
11:20 of 1st period - Steven Stamkos wins face-off versus Brandon Sutter in Penguins zone.
11:29 of 1st period - Wrist shot by James Neal.
11:29 of 1st period - Shot Misses the Net.
12:16 of 1st period - Steven Stamkos is hit by Phil Kessel.
13:19 of 1st period - Penalty to Jason Zucker is over, Jason Zucker is back on ice.
13:26 of 1st period - Jake McCabe is hit by James Neal and loses puck.
13:57 of 1st period - Wrist shot by Cal Clutterbuck.
13:57 of 1st period - Shot Misses the Net.
14:21 of 1st period - Wrist shot by Oscar Klefbom.
14:21 of 1st period - Stopped by Sergei Bobrovsky with a rebound.
14:54 of 1st period - Riley Sheahan is hit by Andreas Martinsen and loses puck.
15:11 of 1st period - Tobias Enstrom is hit by Jean-Gabriel Pageau and loses puck.
15:24 of 1st period - Brandon Sutter is hit by Steven Stamkos and loses puck.
15:46 of 1st period - Taylor Hall is hit by Teuvo Teravainen and loses puck.
15:59 of 1st period - Connor McDavid is hit by Alexei Marchenko and loses puck.
16:38 of 1st period - Slapshot by Danny DeKeiser.
16:38 of 1st period - Shot Misses the Net.
16:56 of 1st period - Snap shot by Jordan Eberle.
16:56 of 1st period - Stopped by Sergei Bobrovsky with a rebound.
16:58 of 1st period - Slapshot by Rasmus Ristolainen.
16:58 of 1st period - Shot Blocked by Sean Zimmerman.
17:21 of 1st period - Riley Sheahan is hit by Jason Zucker and loses puck.
17:36 of 1st period - Darnell Nurse is hit by Alexei Marchenko and loses puck.
17:58 of 1st period - Rasmus Ristolainen is hit by Joe Colborne and loses puck.
18:15 of 1st period - Wrist shot by Gilbert Brule.
18:15 of 1st period - Stopped by James Reimer without a rebound.
18:16 of 1st period - Gilbert Brule wins face-off versus Kevin Porter in Oilers zone.
18:27 of 1st period - Snap shot by Taylor Hall.
18:27 of 1st period - Stopped by Sergei Bobrovsky with a rebound.
18:37 of 1st period - Darnell Nurse is hit by Jason Zucker and loses puck.
18:44 of 1st period - Slapshot by Denis Grebeshkov.
18:44 of 1st period - Shot Misses the Net.
19:03 of 1st period - Snap shot by Jeff Schultz.
19:03 of 1st period - Stopped by James Reimer without a rebound.
19:04 of 1st period - Brandon Sutter wins face-off versus Gilbert Brule in Oilers zone.
19:19 of 1st period - Keith Aulie is hit by James Neal.
19:47 of 1st period - Sean Zimmerman is hit by James Neal and loses puck.
Goals for this period are 0 for Oilers vs 0 for Penguins.
Shots for this period are 8 for Oilers vs 9 for Penguins.
2nd period
0:01 of 2nd period - Steven Stamkos wins face-off versus Peter Mueller in neutral zone.
0:51 of 2nd period - Slapshot by Gilbert Brule.
0:51 of 2nd period - Shot Misses the Net.
0:53 of 2nd period - Wrist shot by Jean-Gabriel Pageau.
0:53 of 2nd period - Stopped by James Reimer with a rebound.
0:55 of 2nd period - Slapshot by Keith Aulie.
0:55 of 2nd period - Stopped by James Reimer with a rebound.
1:33 of 2nd period - Wrist shot by Cal Clutterbuck.
1:33 of 2nd period - Shot Misses the Net.
1:35 of 2nd period - Snap shot by Joe Colborne.
1:35 of 2nd period - Shot Blocked by Tobias Enstrom.
1:37 of 2nd period - Snap shot by Andreas Martinsen.
1:37 of 2nd period - Stopped by James Reimer without a rebound.
1:38 of 2nd period - Gilbert Brule wins face-off versus Peter Mueller in Oilers zone.
2:27 of 2nd period - Riley Sheahan is hit by Marcus Foligno and loses puck.
2:34 of 2nd period - Snap shot by Jean-Gabriel Pageau.
2:34 of 2nd period - Stopped by James Reimer with a rebound.
2:36 of 2nd period - Wrist shot by Keith Aulie.
2:36 of 2nd period - Stopped by James Reimer with a rebound.
2:38 of 2nd period - Slapshot by Sean Zimmerman.
2:38 of 2nd period - Stopped by James Reimer with a rebound.
2:48 of 2nd period - Keith Aulie is hit by Kevin Porter and loses puck.
2:57 of 2nd period - Snap shot by Taylor Hall.
2:57 of 2nd period - Stopped by Sergei Bobrovsky without a rebound.
2:58 of 2nd period - Steven Stamkos wins face-off versus Peter Mueller in Penguins zone.
3:07 of 2nd period - Wrist shot by Jordan Eberle.
3:07 of 2nd period - Shot Misses the Net.
3:33 of 2nd period - Wrist shot by Teuvo Teravainen.
3:33 of 2nd period - Stopped by James Reimer without a rebound.
3:34 of 2nd period - Peter Mueller wins face-off versus Gilbert Brule in Oilers zone.
3:36 of 2nd period - Minor Penalty to Taylor Hall for Tripping.
3:37 of 2nd period - Nikita Kucherov wins face-off versus Nikolai Kulemin in Oilers zone.
3:39 of 2nd period - Wrist shot by Steven Stamkos.
3:39 of 2nd period - Stopped by James Reimer with a rebound.
3:41 of 2nd period - Snap shot by Jason Zucker.
3:41 of 2nd period - Deflect By Rasmus Ristolainen.
3:41 of 2nd period - Shot Blocked by Tobias Enstrom.
3:41 of 2nd period - Puck is out of play.
3:42 of 2nd period - Nikolai Kulemin wins face-off versus Steven Stamkos in Oilers zone.
4:52 of 2nd period - Connor McDavid is hit by Danny DeKeiser and loses puck.
5:13 of 2nd period - Steven Stamkos is hit by Phil Kessel and loses puck.
5:36 of 2nd period - Penalty to Taylor Hall is over, Taylor Hall is back on ice.
5:42 of 2nd period - Wrist shot by Marcus Foligno.
5:42 of 2nd period - Stopped by James Reimer without a rebound.
5:43 of 2nd period - Jean-Gabriel Pageau wins face-off versus Kevin Porter in Oilers zone.
6:42 of 2nd period - Snap shot by Nikolai Kulemin.
6:42 of 2nd period - Goal by Nikolai Kulemin - Oilers : 1 - Penguins : 0.
6:43 of 2nd period - Steven Stamkos wins face-off versus Peter Mueller in neutral zone.
6:46 of 2nd period - Backhand shot by Nikita Kucherov.
6:46 of 2nd period - Shot Blocked by Rasmus Ristolainen.
6:48 of 2nd period - Wrist shot by Jason Zucker.
6:48 of 2nd period - Shot Blocked by Jordan Eberle.
6:50 of 2nd period - Snap shot by Jason Zucker.
6:50 of 2nd period - Penguins goal is going for a video replay.
6:50 of 2nd period - The goal is refused. The puck has entered the net after making contact with an attacking player’s stick that is above the height of the crossbar..
6:51 of 2nd period - Peter Mueller wins face-off versus Steven Stamkos in Oilers zone.
7:02 of 2nd period - Snap shot by Taylor Hall.
7:02 of 2nd period - Stopped by Sergei Bobrovsky with a rebound.
7:08 of 2nd period - Backhand shot by Steven Stamkos.
7:08 of 2nd period - Deflect By Nikita Kucherov.
7:08 of 2nd period - Stopped by James Reimer without a rebound.
7:09 of 2nd period - Brandon Sutter wins face-off versus Gilbert Brule in Oilers zone.
7:09 of 2nd period - Brandon Sutter is hit by Sean Zimmerman.
7:46 of 2nd period - Icing by Keith Aulie.
7:47 of 2nd period - Peter Mueller wins face-off versus Steven Stamkos in Penguins zone.
7:56 of 2nd period - Wrist shot by Nikita Kucherov.
7:56 of 2nd period - Shot Misses the Net.
7:58 of 2nd period - Snap shot by Nikita Kucherov.
7:58 of 2nd period - Stopped by James Reimer with a rebound.
8:04 of 2nd period - Wrist shot by Steven Stamkos.
8:04 of 2nd period - Shot Blocked by Denis Grebeshkov.
8:06 of 2nd period - Slapshot by Sean Zimmerman.
8:06 of 2nd period - Stopped by James Reimer with a rebound.
8:40 of 2nd period - Slapshot by Steven Stamkos.
8:40 of 2nd period - Shot Misses the Net.
9:14 of 2nd period - Slapshot by Steven Stamkos.
9:14 of 2nd period - Deflect By Nikita Kucherov.
9:14 of 2nd period - Shot Misses the Net.
9:14 of 2nd period - Puck is out of play.
9:15 of 2nd period - Brandon Sutter wins face-off versus Gilbert Brule in Oilers zone.
9:15 of 2nd period - Brandon Sutter is hit by Gilbert Brule.
9:37 of 2nd period - Minor Penalty to Tobias Enstrom for Slashing.
9:38 of 2nd period - Phil Kessel wins face-off versus Gilbert Brule in Oilers zone.
9:44 of 2nd period - Icing by Danny DeKeiser.
9:45 of 2nd period - Gilbert Brule wins face-off versus Phil Kessel in Penguins zone.
10:10 of 2nd period - Snap shot by Teuvo Teravainen.
10:10 of 2nd period - Stopped by James Reimer with a rebound.
10:48 of 2nd period - Slapshot by Danny DeKeiser.
10:48 of 2nd period - Goal by Danny DeKeiser - Oilers : 1 - Penguins : 1.
10:49 of 2nd period - Steven Stamkos wins face-off versus Brandon Sutter in neutral zone.
10:55 of 2nd period - Off-side.
10:56 of 2nd period - Steven Stamkos wins face-off versus Brandon Sutter in neutral zone.
11:05 of 2nd period - Wrist shot by Jason Zucker.
11:05 of 2nd period - Shot Blocked by Brandon Sutter.
11:07 of 2nd period - Slapshot by Keith Aulie.
11:07 of 2nd period - Stopped by James Reimer without a rebound.
11:08 of 2nd period - Peter Mueller wins face-off versus Steven Stamkos in Oilers zone.
11:21 of 2nd period - Minor Penalty to Taylor Hall for Roughing.
11:22 of 2nd period - Nikolai Kulemin wins face-off versus Steven Stamkos in Oilers zone.
11:34 of 2nd period - Snap shot by Steven Stamkos.
11:34 of 2nd period - Shot Misses the Net.
11:36 of 2nd period - Wrist shot by Steven Stamkos.
11:36 of 2nd period - Stopped by James Reimer without a rebound.
11:37 of 2nd period - Nikolai Kulemin wins face-off versus Steven Stamkos in Oilers zone.
12:22 of 2nd period - Slapshot by Tobias Enstrom.
12:22 of 2nd period - Shot Misses the Net.
12:34 of 2nd period - Tobias Enstrom is hit by Nikita Kucherov and loses puck.
13:21 of 2nd period - Penalty to Taylor Hall is over, Taylor Hall is back on ice.
13:35 of 2nd period - Backhand shot by Taylor Hall.
13:35 of 2nd period - Shot Blocked by Jake McCabe.
13:37 of 2nd period - Slapshot by Anton Volchenkov.
13:37 of 2nd period - Shot Blocked by Danny DeKeiser.
13:41 of 2nd period - Backhand shot by Kevin Porter.
13:41 of 2nd period - Shot Blocked by Danny DeKeiser.
13:43 of 2nd period - Snap shot by Leon Draisaitl.
13:43 of 2nd period - Shot Misses the Net.
13:55 of 2nd period - Snap shot by James Neal.
13:55 of 2nd period - Shot Blocked by Joe Colborne.
14:01 of 2nd period - Slapshot by Jake McCabe.
14:01 of 2nd period - Stopped by James Reimer without a rebound.
14:02 of 2nd period - Connor McDavid wins face-off versus Gilbert Brule in Oilers zone.
14:02 of 2nd period - Connor McDavid is hit by Gilbert Brule.
14:17 of 2nd period - Wrist shot by Andrew Cogliano.
14:17 of 2nd period - Shot Misses the Net.
14:47 of 2nd period - Peter Mueller is hit by Keith Aulie and loses puck.
15:18 of 2nd period - Snap shot by Jean-Gabriel Pageau.
15:18 of 2nd period - Deflect By Marcus Foligno.
15:18 of 2nd period - Stopped by James Reimer without a rebound.
15:19 of 2nd period - Steven Stamkos wins face-off versus Phil Kessel in Oilers zone.
15:22 of 2nd period - Snap shot by Nikita Kucherov.
15:22 of 2nd period - Shot Blocked by Denis Grebeshkov.
15:26 of 2nd period - Slapshot by Jason Zucker.
15:26 of 2nd period - Stopped by James Reimer without a rebound.
15:27 of 2nd period - Brandon Sutter wins face-off versus Steven Stamkos in Oilers zone.
15:45 of 2nd period - Slapshot by Danny DeKeiser.
15:45 of 2nd period - Shot Misses the Net.
16:05 of 2nd period - Snap shot by James Neal.
16:05 of 2nd period - Shot Misses the Net.
16:25 of 2nd period - Snap shot by Steven Stamkos.
16:25 of 2nd period - Shot Blocked by Phil Kessel.
16:27 of 2nd period - Slapshot by Jeff Schultz.
16:27 of 2nd period - Shot Blocked by Denis Grebeshkov.
16:29 of 2nd period - Snap shot by Steven Stamkos.
16:29 of 2nd period - Stopped by James Reimer with a rebound.
16:31 of 2nd period - Slapshot by Nikita Kucherov.
16:31 of 2nd period - Goal by Nikita Kucherov - Oilers : 1 - Penguins : 2.
16:32 of 2nd period - Peter Mueller wins face-off versus Andrew Cogliano in neutral zone.
16:39 of 2nd period - Off-side.
16:40 of 2nd period - Gilbert Brule wins face-off versus Peter Mueller in neutral zone.
16:57 of 2nd period - Snap shot by Andrew Cogliano.
16:57 of 2nd period - Shot Blocked by Rasmus Ristolainen.
17:03 of 2nd period - Wrist shot by Gilbert Brule.
17:03 of 2nd period - Stopped by James Reimer with a rebound.
17:05 of 2nd period - Slapshot by Gilbert Brule.
17:05 of 2nd period - Deflect By Andrew Cogliano.
17:05 of 2nd period - Goal by Andrew Cogliano - Oilers : 1 - Penguins : 3.
17:06 of 2nd period - Steven Stamkos wins face-off versus Jordan Eberle in neutral zone.
17:15 of 2nd period - Tobias Enstrom is hit by Steven Stamkos and loses puck.
17:32 of 2nd period - Teuvo Teravainen is hit by James Neal.
17:40 of 2nd period - Snap shot by Phil Kessel.
17:40 of 2nd period - Stopped by Sergei Bobrovsky with a rebound.
17:42 of 2nd period - Snap shot by Brandon Sutter.
17:42 of 2nd period - Shot Misses the Net.
17:44 of 2nd period - Snap shot by Phil Kessel.
17:44 of 2nd period - Goal by Phil Kessel - Oilers : 2 - Penguins : 3.
17:45 of 2nd period - Steven Stamkos wins face-off versus Peter Mueller in neutral zone.
18:08 of 2nd period - Minor Penalty to Peter Mueller for Slashing.
18:09 of 2nd period - Taylor Hall wins face-off versus Steven Stamkos in Oilers zone.
Goals for this period are 2 for Oilers vs 3 for Penguins.
Shots for this period are 5 for Oilers vs 24 for Penguins.
3rd period
0:01 of 3rd period - Taylor Hall wins face-off versus Steven Stamkos in neutral zone.
0:06 of 3rd period - Steven Stamkos is hit by Jordan Eberle and loses puck.
0:08 of 3rd period - Penalty to Peter Mueller is over, Peter Mueller is back on ice.
0:17 of 3rd period - Wrist shot by Nikita Kucherov.
0:17 of 3rd period - Stopped by James Reimer with a rebound.
1:30 of 3rd period - Minor Penalty to Anton Volchenkov for Holding.
1:31 of 3rd period - Taylor Hall wins face-off versus Steven Stamkos in Oilers zone.
1:46 of 3rd period - Wrist shot by Steven Stamkos.
1:46 of 3rd period - Shot Misses the Net.
1:48 of 3rd period - Snap shot by Nikita Kucherov.
1:48 of 3rd period - Stopped by James Reimer with a rebound.
2:04 of 3rd period - Snap shot by Andrew Cogliano.
2:04 of 3rd period - Shot Blocked by Darnell Nurse.
2:08 of 3rd period - Wrist shot by Andrew Cogliano.
2:08 of 3rd period - Shot Blocked by Riley Sheahan.
3:16 of 3rd period - Nikolai Kulemin is hit by Nikita Kucherov and loses puck.
3:30 of 3rd period - Penalty to Anton Volchenkov is over, Anton Volchenkov is back on ice.
3:43 of 3rd period - Oscar Klefbom is hit by Jean-Gabriel Pageau and loses puck.
4:31 of 3rd period - Icing by Rasmus Ristolainen.
4:32 of 3rd period - Steven Stamkos wins face-off versus Peter Mueller in Oilers zone.
4:45 of 3rd period - Snap shot by Rasmus Ristolainen.
4:45 of 3rd period - Shot Blocked by Sean Zimmerman.
4:51 of 3rd period - Slapshot by Rasmus Ristolainen.
4:51 of 3rd period - Shot Misses the Net.
4:55 of 3rd period - Slapshot by Jordan Eberle.
4:55 of 3rd period - Shot Misses the Net.
4:57 of 3rd period - Snap shot by Peter Mueller.
4:57 of 3rd period - Goal by Peter Mueller - Oilers : 3 - Penguins : 3.
4:58 of 3rd period - Brandon Sutter wins face-off versus Nikita Kucherov in neutral zone.
5:05 of 3rd period - Off-side.
5:06 of 3rd period - Steven Stamkos wins face-off versus Brandon Sutter in neutral zone.
6:04 of 3rd period - Snap shot by Steven Stamkos.
6:04 of 3rd period - Shot Misses the Net.
6:06 of 3rd period - Wrist shot by Nikita Kucherov.
6:06 of 3rd period - Stopped by James Reimer without a rebound.
6:07 of 3rd period - Peter Mueller wins face-off versus Gilbert Brule in Oilers zone.
6:12 of 3rd period - Slapshot by Tobias Enstrom.
6:12 of 3rd period - Deflect By Taylor Hall.
6:12 of 3rd period - Shot Misses the Net.
6:12 of 3rd period - Puck is out of play.
6:13 of 3rd period - Peter Mueller wins face-off versus Gilbert Brule in Penguins zone.
6:18 of 3rd period - Snap shot by Jordan Eberle.
6:18 of 3rd period - Shot Misses the Net.
6:20 of 3rd period - Snap shot by Peter Mueller.
6:20 of 3rd period - Stopped by Sergei Bobrovsky without a rebound.
6:21 of 3rd period - Gilbert Brule wins face-off versus Peter Mueller in Penguins zone.
6:21 of 3rd period - Gilbert Brule is hit by Taylor Hall.
6:47 of 3rd period - Jean-Gabriel Pageau is hit by Tobias Enstrom and loses puck.
6:58 of 3rd period - Snap shot by Connor McDavid.
6:58 of 3rd period - Shot Misses the Net.
7:51 of 3rd period - Danny DeKeiser is hit by Anton Volchenkov and loses puck.
8:25 of 3rd period - Jason Zucker is hit by Darnell Nurse and loses puck.
8:42 of 3rd period - Snap shot by Andreas Martinsen.
8:42 of 3rd period - Shot Blocked by Anton Volchenkov.
8:44 of 3rd period - Wrist shot by Cal Clutterbuck.
8:44 of 3rd period - Stopped by James Reimer with a rebound.
9:26 of 3rd period - Brandon Sutter is hit by Jean-Gabriel Pageau and loses puck.
10:09 of 3rd period - Nikolai Kulemin is hit by Cal Clutterbuck and loses puck.
10:47 of 3rd period - Darnell Nurse is hit by Jean-Gabriel Pageau and loses puck.
11:10 of 3rd period - Wrist shot by Steven Stamkos.
11:10 of 3rd period - Stopped by James Reimer without a rebound.
11:11 of 3rd period - Kevin Porter wins face-off versus Steven Stamkos in Oilers zone.
11:18 of 3rd period - Slapshot by Oscar Klefbom.
11:18 of 3rd period - Goal by Oscar Klefbom - Oilers : 4 - Penguins : 3.
11:19 of 3rd period - Steven Stamkos wins face-off versus Peter Mueller in neutral zone.
11:36 of 3rd period - Wrist shot by Nikita Kucherov.
11:36 of 3rd period - Shot Misses the Net.
11:46 of 3rd period - Sean Zimmerman is hit by Tobias Enstrom and loses puck.
11:51 of 3rd period - Wrist shot by Phil Kessel.
11:51 of 3rd period - Shot Misses the Net.
12:09 of 3rd period - Wrist shot by Jean-Gabriel Pageau.
12:09 of 3rd period - Shot Misses the Net.
12:27 of 3rd period - Denis Grebeshkov is hit by Cal Clutterbuck and loses puck.
13:32 of 3rd period - Wrist shot by Andrew Cogliano.
13:32 of 3rd period - Shot Misses the Net.
14:58 of 3rd period - Snap shot by James Neal.
14:58 of 3rd period - Stopped by Sergei Bobrovsky with a rebound.
15:02 of 3rd period - Snap shot by Brandon Sutter.
15:02 of 3rd period - Stopped by Sergei Bobrovsky with a rebound.
15:04 of 3rd period - Slapshot by Tobias Enstrom.
15:04 of 3rd period - Shot Blocked by Andreas Martinsen.
15:06 of 3rd period - Wrist shot by James Neal.
15:06 of 3rd period - Stopped by Sergei Bobrovsky with a rebound.
15:08 of 3rd period - Slapshot by Rasmus Ristolainen.
15:08 of 3rd period - Stopped by Sergei Bobrovsky without a rebound.
15:09 of 3rd period - Peter Mueller wins face-off versus Jean-Gabriel Pageau in Penguins zone.
15:16 of 3rd period - Slapshot by Jordan Eberle.
15:16 of 3rd period - Stopped by Sergei Bobrovsky without a rebound.
15:17 of 3rd period - Peter Mueller wins face-off versus Jean-Gabriel Pageau in Penguins zone.
15:28 of 3rd period - Snap shot by Jordan Eberle.
15:28 of 3rd period - Stopped by Sergei Bobrovsky with a rebound.
16:00 of 3rd period - Minor Penalty to Jordan Eberle for Interference.
16:01 of 3rd period - Taylor Hall wins face-off versus Steven Stamkos in Oilers zone.
16:31 of 3rd period - Wrist shot by Andrew Cogliano.
16:31 of 3rd period - Stopped by James Reimer without a rebound.
16:32 of 3rd period - Jason Zucker wins face-off versus Taylor Hall in Oilers zone.
16:45 of 3rd period - Wrist shot by Steven Stamkos.
16:45 of 3rd period - Shot Hit the Post.
16:47 of 3rd period - Slapshot by Jake McCabe.
16:47 of 3rd period - Shot Misses the Net.
16:49 of 3rd period - Snap shot by Jason Zucker.
16:49 of 3rd period - Shot Blocked by Nikolai Kulemin.
18:00 of 3rd period - Penalty to Jordan Eberle is over, Jordan Eberle is back on ice.
18:39 of 3rd period - Taylor Hall is hit by Gilbert Brule and loses puck.
18:56 of 3rd period - Penguins, Sergei Bobrovsky is pulled from the net.
19:00 of 3rd period - Slapshot by Joe Colborne.
19:00 of 3rd period - Stopped by James Reimer with a rebound.
19:13 of 3rd period - Snap shot by Peter Mueller.
19:13 of 3rd period - Shot Blocked by Joe Colborne.
19:15 of 3rd period - Wrist shot by Peter Mueller.
19:15 of 3rd period - Shot Misses the Net.
19:17 of 3rd period - Slapshot by Denis Grebeshkov.
19:17 of 3rd period - Shot Blocked by Joe Colborne.
19:19 of 3rd period - Slapshot by Denis Grebeshkov.
19:19 of 3rd period - Shot Blocked by Sean Zimmerman.
19:21 of 3rd period - Snap shot by Peter Mueller.
19:21 of 3rd period - Shot Misses the Net.
19:23 of 3rd period - Slapshot by Denis Grebeshkov.
19:23 of 3rd period - Shot Misses the Net.
19:25 of 3rd period - Snap shot by Jordan Eberle.
19:25 of 3rd period - Shot Misses the Net.
19:29 of 3rd period - Slapshot by Jordan Eberle.
19:29 of 3rd period - Shot Blocked by Joe Colborne.
19:31 of 3rd period - Slapshot by Denis Grebeshkov.
19:31 of 3rd period - Deflect By Peter Mueller.
19:31 of 3rd period - Goal by Peter Mueller - Oilers : 5 - Penguins : 3.
19:31 of 3rd period - Sergei Bobrovsky from Penguins was sent back in the game.
19:32 of 3rd period - Jean-Gabriel Pageau wins face-off versus Connor McDavid in neutral zone.
19:58 of 3rd period - Gilbert Brule is hit by Tobias Enstrom and loses puck.
Goals for this period are 3 for Oilers vs 0 for Penguins.
Shots for this period are 10 for Oilers vs 7 for Penguins.